 Dungeon Crawl Stone Soup version 0.26.1-2-gb8aa6d0cf2 (webtiles) character file.

Game seed: 12676775604432773106

49 skwiii the Stinger (level 3, -1/24 HPs)
             Began as a Demonspawn Venom Mage on Feb 23, 2021.
             Slain by Natasha (4 damage)
             ... on level 2 of the Dungeon.
             The game lasted 00:03:29 (1820 turns).

skwiii the Stinger (Demonspawn Venom Mage)          Turns: 1820, Time: 00:03:29

Health: -1/24      AC:  3    Str:  8    XL:     3   Next: 51%
Magic:  0/6        EV: 12    Int: 17    God:
Gold:   13         SH:  0    Dex: 13    Spells: 4/7 levels left

rFire    . . .     SeeInvis .   (no weapon)
rCold    . . .     Faith    .   (no shield)
rNeg     . . .     Spirit   .   a - +0 robe
rPois    +         Reflect  .   (no helmet)
rElec    .         Harm     .   (no cloak)
rCorr    .         Rampage  .   (no gloves)
Will     .....                  (no boots)
Stlth    ++........             (no amulet)
HPRegen  0.08/turn              d - ring of poison resistance
MPRegen  0.10/turn              (no ring)

@: slowed, very slow
A: powered by pain 1, sharp scales 1
a: no special abilities


You were on level 2 of the Dungeon.
You visited 1 branch of the dungeon, and saw 2 of its levels.

You collected 13 gold pieces.

Inventory:

Armour
 a - a +0 robe (worn)
Jewellery
 d - a ring of poison resistance (left hand)
Scrolls
 b - 3 scrolls of identify
 c - a scroll of enchant weapon {unknown}
 e - a scroll of blinking {unknown}
 f - 4 scrolls of teleportation {unknown}
 i - a scroll of magic mapping {unknown}
Potions
 g - a potion of brilliance {unknown}
 h - 2 potions of heal wounds {unknown}


   Skills:
 - Level 1.7 Dodging
 - Level 1.7 Stealth
 + Level 2.6 Spellcasting
 + Level 1.7 Transmutations
 + Level 0.9 Air Magic
 + Level 3.4 Poison Magic


You had 4 spell levels left.
You knew the following spells:

 Your Spells              Type           Power        Failure   Level
a - Sting                 Tmut/Pois      44%          6%          1
b - Poisonous Vapours     Pois/Air       18%          11%         2

Your spell library contained the following spells:

 Spells                   Type           Power        Failure   Level
 Ignite Poison            Fire/Tmut/Pois 8%           26%         3
 Mephitic Cloud           Conj/Pois/Air  7%           30%         3
 Olgreb's Toxic Radiance  Pois           14%          41%         4


Dungeon Overview and Level Annotations

Branches:
Dungeon (2/15)

Altars:

Annotations:
D:2 Natasha


Innate Abilities, Weirdness & Mutations

You sometimes gain a little power by taking damage.
You are partially covered in razor-sharp scales. (AC +1, Slay +1)


Message History

There is a stone staircase leading up here.
You don't have enough magic to cast that spell.
The kobold barely misses you.
Natasha stares at you and mumbles some strange words.
You feel yourself slow down.
You kill the kobold!
There is a stone staircase leading up here.
Natasha looks more healthy.
Natasha claws you.
You see here 12 gold pieces.
Natasha drinks a potion.
Natasha flickers and vanishes!
Deactivating autopickup; reactivate with Ctrl-A.
Aiming: Sting (safe; 6% risk of failure)
Press: ? - help, Q - select action, (/) - cycle Shift-Dir - straight line Something claws you!
Something claws you.
* * * LOW HITPOINT WARNING * * *
Something claws you.
* * * LOW HITPOINT WARNING * * *
There is a stone staircase leading up here.
Something claws you.
You die...

##### ##... ....
# #... #
#.##..####
........... #####
.....#...##......
#...$@........
###.#{#.#####.
#........
#..#.#.###
#........
#..#.#.###
#......# #.##.###


There were no monsters in sight!

Vanquished Creatures
  2 gnolls (D:1)
  An ooze (D:1)
  2 dart slugs (D:1)
  3 giant cockroaches (D:1)
  A goblin (D:1)
  3 hobgoblins (D:1)
  2 kobolds
  4 bats (D:1)
  2 frilled lizards (D:1)
  4 rats (D:1)
24 creatures vanquished.

Notes
Turn   | Place    | Note
-------+----------+-------------------------------------------
     0 | D:1      | skwiii the Demonspawn Venom Mage began the quest for the
                  | Orb.
     0 | D:1      | Reached XP level 1. HP: 13/13 MP: 3/3
    62 | D:1      | Reached skill level 1 in Transmutations
   434 | D:1      | Gained mutation: You sometimes gain a little power by
                  | taking damage. [demonic ancestry]
   434 | D:1      | Reached XP level 2. HP: 19/19 MP: 0/5
   586 | D:1      | Learned a level 2 spell: Poisonous Vapours
  1235 | D:1      | Gained mutation: You are partially covered in razor-sharp
                  | scales. (AC +1, Slay +1) [demonic ancestry]
  1235 | D:1      | Reached XP level 3. HP: 18/24 MP: 3/6
  1811 | D:2      | Noticed Natasha
  1820 | D:2      | Slain by Natasha

Illustrated notes

Levels and vault maps discovered:
D:1:      dpeg_arrival_tiny_i, layout_basic, minmay_strange_pillars
D:2:      layout_loops_ring, uniq_natasha

Skill      XL: |  1 |
---------------+----+-----
Transmutations | 1 |  1.7
Dodging        | |  1.7
Stealth        | |  1.7
Spellcasting   | |  2.6
Air Magic      | |  0.9
Poison Magic   | |  3.4

Action                   || total
-------------------------++-------
Melee: Unarmed           ||     2
 Cast: Sting             ||    28
       Poisonous Vapours ||    14
  Use: Scroll            ||     1
Armor: Robe              ||     6
Dodge: Dodged            ||    11
